 Dungeon Crawl Stone Soup version 0.31.0-1-g2c135a0 (webtiles) character file.

Game seed: 8548034507256050159

48 jagoly the Trooper (level 3, -1/24 HPs)
             Began as a Gargoyle Monk on Jan 26, 2024.
             Slain by a gnoll
             ... wielding a +0 halberd
              (2 damage)
             ... on level 2 of the Dungeon.
             The game lasted 00:02:30 (255 turns).

jagoly the Trooper (Gargoyle Monk)                   Turns: 255, Time: 00:02:31

Health: -1/24      AC:  8    Str: 16    XL:     3   Next: 72%
Magic:  3/3        EV: 11    Int: 10    God:
Gold:   29         SH:  0    Dex: 12    Spells: 2/2 levels left

rFire   . . .        a - +0 hand axe
rCold   . . .        d - orb {light}
rNeg    + . .        h - +0 ring mail
rPois   ∞            (no helmet)
rElec   +            (no cloak)
rCorr   .            (no gloves)
SInv    .            (no boots)
Will    .....        (no amulet)
Stlth   +            (no ring)
HPRegen 0.24/turn    (no ring)
MPRegen 0.08/turn

%: no passive effects
@: glowing
A: sickness immunity, AC +3, negative energy resistance 1, electricity
resistance, torment resistance 1, petrification resistance
a: no special abilities


You were on level 2 of the Dungeon.
You visited 1 branch of the dungeon, and saw 2 of its levels.

You collected 29 gold pieces.

Inventory:

Hand Weapons
 a - a +0 hand axe (weapon)
Missiles
 e - 11 stones (quivered)
 i - 2 poisoned darts
 j - 10 javelins
Armour
 b - a +0 robe
 d - an orb of light (worn)
 h - a +0 ring mail (worn)
Jewellery
 g - a ring of ice
Scrolls
 k - 3 scrolls of revelation {unknown}
Potions
 c - a potion of ambrosia
 f - 2 potions of invisibility {unknown}
 l - 2 potions of haste {unknown}


   Skills:
 + Level 3.7 Fighting
 * Level 3.4 Axes
 + Level 1.0 Armour
 - Level 2.4 Dodging
 + Level 1.5 Stealth


You had 2 spell levels left.
You didn't know any spells.
Your spell library contained the following spells:

 Spells                   Type           Power      Damage    Failure   Level
 Shock                    Conj/Air       0%         1d3       58%         1
 Ensorcelled Hibernation  Hex/Ice        0%         N/A       73%         2
 Passwall                 Erth           0%         N/A       91%         3
 Swiftness                Air            0%         N/A       91%         3
 Airstrike                Air            0%         2d(0-16)  100%        4


Dungeon Overview and Level Annotations

Branches:
Dungeon (2/15) Zot: 11733

Altars:


Innate Abilities, Weirdness & Mutations

You are immune to sickness and miasma.
Your stone body is resilient. (AC +3)
You are immune to poison.
You resist negative energy. (rN+)
You are resistant to electric shocks. (rElec)
You are resistant to unholy torment.
You are immune to petrification.


Message History

Welcome, jagoly the Gargoyle Monk.
If you return without finding the Orb of Zot, so far below, it's all over!
Press ? for a list of commands and other information.
Found 4 stones.
Found a staircase leading out of the dungeon.
You see here 4 stones.
e - 4 stones You open the door.
A ball python and a frilled lizard come into view.
The ball python hisses angrily.
The frilled lizard hisses angrily.
The frilled lizard moves out of view.
Found 8 stones and 9 gold pieces.
There is an open door here.
You hit the ball python.
The ball python is moderately wounded.
The ball python barely misses you. The ball python closely misses you.
You hit the ball python.
The ball python is moderately wounded.
You hit the frilled lizard.
You kill the frilled lizard!
The ball python bites you but does no damage.
The ball python grabs you. The ball python constricts you.
The ball python closely misses you. The ball python constricts you.
You hit the ball python.
You kill the ball python!
No target in view!
Found a mace.
A kobold comes into view. It is wielding a +0 dagger.
Found 8 gold pieces.
The kobold shouts!
A kobold is nearby!
A ball python comes into view.
A giant cockroach comes into view.
Found 2 bubbling purple potions.
The ball python hisses angrily.
The kobold throws a stone.
The stone barely misses you.
A hobgoblin comes into view. x2
You see here 9 gold pieces.
You now have 9 gold pieces.
The hobgoblin shouts! x2
The giant cockroach bites you but does no damage.
The kobold throws a stone.
The stone barely misses you.
You hit the giant cockroach but do no damage.
The giant cockroach bites you but does no damage. x2
You hit the ball python.
You kill the ball python!
You barely miss the kobold.
You hit the giant cockroach but do no damage.
The kobold hits you but does no damage.
A ball python comes into view.
The giant cockroach closely misses you.
The ball python hisses angrily.
You hit the kobold but do no damage. You barely miss the giant cockroach.
The kobold hits you but does no damage.
The giant cockroach completely misses you.
The kobold hits you with a +0 dagger.
You closely miss the kobold.
You hit the giant cockroach but do no damage.
The giant cockroach misses you.
A rat comes into view.
The giant cockroach closely misses you. The kobold hits you but does no damage.
The rat squeaks loudly.
You hit the kobold.
You kill the kobold!
You hit the hobgoblin. You hit the giant cockroach.
The giant cockroach misses you. The hobgoblin barely misses you.
You hit the hobgoblin.
The hobgoblin is severely wounded.
You hit the hobgoblin. You barely miss the giant cockroach.
The giant cockroach bites you but does no damage.
The hobgoblin hits you but does no damage.
The hobgoblin hits you.
You hit the hobgoblin.
You kill the hobgoblin!
You hit the hobgoblin but do no damage. You hit the giant cockroach.
You barely miss the ball python. The giant cockroach closely misses you.
The hobgoblin hits you. The ball python closely misses you. x2
The giant cockroach misses you.
You hit the hobgoblin.
You kill the hobgoblin!
You hit the giant cockroach. You hit the ball python.
The ball python bites you but does no damage.
The ball python grabs you. The ball python constricts you.
* * * LOW HITPOINT WARNING * * *
The giant cockroach barely misses you.
You have reached level 2!
You hit the ball python.
You kill the ball python!
You hit the giant cockroach.
You kill the giant cockroach!
Your Axes skill increases to level 3!
You hit the rat.
You kill the rat!
e - 8 stones (gained 4)
Things that are here:
a +0 dagger; a hobgoblin corpse
Press: ? - help, v - describe, . - travel, g - get item Item here: 8 gold pieces.
The floor.
Found a small opal ring.
You now have 17 gold pieces (gained 8).
f - 2 bubbling purple potions
g - a ring of ice HP restored.
Found a stone staircase leading down.
Found a ring mail.
You see here a +0 ring mail.
You see here a +0 ring mail.
You start removing your armour.
You continue taking off your +0 robe. x4
You finish taking off your +0 robe.
You start putting on your armour.
You continue putting on your +0 ring mail. x5
You finish putting on your +0 ring mail.
There is a stone staircase leading down here.
You climb downwards.
Found 2 poisoned darts and 4 stones.
There is a stone staircase leading up here.
Found 3 scrolls labelled HIEVOXZ MADILU.
A quokka comes into view.
Found 12 gold pieces.
A quokka is nearby!
A dart slug comes into view.
The dart slug launches a dart at you. The slug dart misses you.
An endoplasm comes into view.
The endoplasm moves out of view.
You see here 2 poisoned darts.
i - 2 poisoned darts The quokka bites you.
You hit the quokka.
You kill the quokka!
The dart slug launches a dart at you. The slug dart misses you.
A ribbon worm comes into view.
Found 6 gold pieces.
Found a stone staircase leading down.
You hit the dart slug.
The dart slug is heavily wounded.
The dart slug bites you.
You hit the dart slug.
The dart slug is severely wounded.
The dart slug launches a dart at you. The slug dart hits you.
You hit the dart slug but do no damage.
The dart slug is severely wounded.
You hit the dart slug.
The dart slug is almost dead.
You hit the ribbon worm. You hit the endoplasm. The endoplasm freezes you.
You are frozen.
The dart slug barely misses you.
The ribbon worm bites you but does no damage.
Cleave: a) +0 hand axe
Press: ? - help, Dir - move target, f - dart slug
Aim: a dart slug (almost dead, haloed, about 3% to evade your +0 hand axe)
You hit the dart slug.
You kill the dart slug!
You hit the ribbon worm. You hit the endoplasm.
The endoplasm hits you but does no damage.
The ribbon worm closely misses you. The endoplasm freezes you.
You are frozen.
Your Stealth skill increases to level 1!
Cleave: a) +0 hand axe
Press: ? - help, Dir - move target, f - endoplasm
Aim: an endoplasm (heavily wounded, haloed, about 3% to evade your +0 hand axe)
You hit the endoplasm but do no damage.
The endoplasm is heavily wounded.
You hit the ribbon worm but do no damage.
The endoplasm closely misses you.
Cleave: a) +0 hand axe
Press: ? - help, Dir - move target, f/p - endoplasm
Aim: an endoplasm (heavily wounded, haloed, about 3% to evade your +0 hand axe)
You hit the endoplasm.
You kill the endoplasm!
You completely miss the ribbon worm. The ribbon worm closely misses you.
Cleave: a) +0 hand axe
Press: ? - help, Dir - move target, f - ribbon worm
Aim: a ribbon worm (lightly wounded, haloed, about 3% to evade your +0 hand axe)
You hit the ribbon worm.
The ribbon worm is moderately wounded.
The ribbon worm expels a string of sticky webbing.
The stream of webbing misses you.
You hit the ribbon worm but do no damage.
The ribbon worm is moderately wounded.
The ribbon worm misses you.
You hit the ribbon worm.
The ribbon worm is heavily wounded.
The ribbon worm bites you but does no damage.
You hit the ribbon worm.
The ribbon worm is severely wounded.
The ribbon worm bites you.
You hit the ribbon worm.
The ribbon worm is almost dead.
The ribbon worm barely misses you.
You completely miss the ribbon worm.
The ribbon worm is severely wounded.
The ribbon worm closely misses you.
You hit the ribbon worm but do no damage.
The ribbon worm is severely wounded.
The ribbon worm misses you.
You hit the ribbon worm but do no damage.
The ribbon worm is severely wounded.
You hit the ribbon worm but do no damage.
The ribbon worm is severely wounded.
The ribbon worm bites you but does no damage.
You hit the ribbon worm.
The ribbon worm is severely wounded.
The ribbon worm closely misses you.
You hit the ribbon worm.
The ribbon worm is almost dead.
The ribbon worm expels a string of sticky webbing.
The stream of webbing misses you.
You hit the ribbon worm.
You kill the ribbon worm!
No target in view!
An endoplasm comes into view.
Found 5 javelins.
The endoplasm quivers.
You see here 12 gold pieces.
You now have 29 gold pieces (gained 12).
You see here 4 stones.
e - 12 stones (gained 4)
You hit the endoplasm but do no damage. The endoplasm freezes you.
You are frozen.
You hit the endoplasm.
The endoplasm is heavily wounded.
The endoplasm hits you but does no damage.
You hit the endoplasm but do no damage.
The endoplasm is heavily wounded.
The endoplasm freezes you.
You are frozen.
You hit the endoplasm.
You kill the endoplasm!
No target in view!
You see here 5 javelins.
j - 5 javelins A ribbon worm comes into view.
Found a book of Air.
Found a stone staircase leading down.
Found 5 javelins.
The ribbon worm expels a string of sticky webbing.
The stream of webbing misses you.
You hit the ribbon worm.
The ribbon worm is lightly wounded.
The ribbon worm barely misses you.
You hit the ribbon worm.
The ribbon worm is lightly wounded.
The ribbon worm bites you.
You hit the ribbon worm.
The ribbon worm is moderately wounded.
The ribbon worm closely misses you.
You hit the ribbon worm.
The ribbon worm is moderately wounded.
The ribbon worm closely misses you.
You hit the ribbon worm.
The ribbon worm is heavily wounded.
The ribbon worm bites you.
You slash the ribbon worm!
The ribbon worm is severely wounded.
The ribbon worm bites you but does no damage.
You hit the ribbon worm.
The ribbon worm is almost dead.
The ribbon worm bites you.
You hit the ribbon worm but do no damage.
The ribbon worm is almost dead.
You hit the ribbon worm.
You kill the ribbon worm!
No target in view!
A bat comes into view.
You see here 3 scrolls labelled HIEVOXZ MADILU.
k - 3 scrolls labelled HIEVOXZ MADILU The bat hits you but does no damage.
You closely miss the bat. The bat hits you. The bat closely misses you.
You completely miss the bat. The bat hits you but does no damage.
The bat closely misses you.
You closely miss the bat. The bat barely misses you.
The bat hits you but does no damage. The bat barely misses you.
The bat hits you but does no damage. The bat barely misses you.
There is a stone staircase leading down here.
Found 2 glowing sapphire potions.
The bat misses you.
You see here 5 javelins.
j - 10 javelins (gained 5)
The bat hits you but does no damage.
You barely miss the bat. The bat barely misses you.
You hit the bat.
You kill the bat!
You have reached level 3!
Your experience leads to an increase in your attributes!
Increase (S)trength, (I)ntelligence, or (D)exterity?
You feel stronger. x2
You pick up a book of Air and begin reading...
You add the spells Shock, Swiftness and Airstrike to your library.
l - 2 glowing sapphire potions
Found a book of Burglary.
An endoplasm comes into view.
The endoplasm quivers.
The endoplasm freezes you.
You are frozen.
You hit the endoplasm.
The endoplasm is lightly wounded.
The endoplasm hits you but does no damage.
You hit the endoplasm.
You kill the endoplasm!
No target in view!
A gnoll comes into view. It is wielding a +0 club.
The gnoll shouts!
A kobold comes into view. It is wielding a +0 club.
You see here a book of Burglary.
You pick up a book of Burglary and begin reading...
You add the spells Ensorcelled Hibernation and Passwall to your library.
The kobold shouts!
A gnoll comes into view. It is wielding a +0 club.
The gnoll shouts!
An endoplasm comes into view.
Throw: 12 stones
Press: ? - help, Q - select action, (/) - cycle Shift-Dir - straight line, f - endoplasm
Aim: an endoplasm (84% to hit)
You throw a stone.
The stone hits the gnoll but does no damage.
You hit the gnoll.
The gnoll is moderately wounded.
The endoplasm jiggles.
The gnoll hits you with a +0 club.
You hit the gnoll.
The gnoll is moderately wounded.
The gnoll misses you.
You hit the gnoll.
The gnoll is heavily wounded.
The gnoll hits you with a +0 club.
You slash the gnoll!
You kill the gnoll!
You hit the kobold.
The kobold is heavily wounded.
The kobold hits you but does no damage. x2
You hit the kobold.
You kill the kobold!
The endoplasm barely misses you.
You hit the endoplasm.
The endoplasm is lightly wounded.
The endoplasm jiggles.
The endoplasm barely misses you.
You slash the endoplasm!
You kill the endoplasm!
A gnoll comes into view.
It is wielding a +0 halberd and wearing a +1 robe of cold resistance.
You hit the gnoll.
The gnoll is lightly wounded.
The gnoll closely misses you.
You hit the gnoll but do no damage.
The gnoll is lightly wounded.
The gnoll hits you with a +0 club.
You hit the gnoll but do no damage.
The gnoll is lightly wounded.
The gnoll hits you with a +0 club.
You hit the gnoll.
The gnoll is moderately wounded.
The gnoll hits you with a +0 club.
* * * LOW HITPOINT WARNING * * *
Cleave: a) +0 hand axe
Press: ? - help, Dir - move target, f - gnoll
Aim: a gnoll, wielding a +0 club (moderately wounded, haloed, about 18% to evade your +0 hand axe)
You slash the gnoll!
The gnoll is almost dead.
The gnoll hits you with a +0 club.
* * * LOW HITPOINT WARNING * * *
Cleave: a) +0 hand axe
Press: ? - help, Dir - move target, f/p - gnoll
Aim: a gnoll, wielding a +0 club (almost dead, haloed, about 18% to evade your +0 hand axe)
You completely miss the gnoll.
The gnoll is almost dead.
The gnoll closely misses you.
Cleave: a) +0 hand axe
Press: ? - help, Dir - move target, f/p - gnoll
Aim: a gnoll, wielding a +0 club (almost dead, haloed, about 18% to evade your +0 hand axe)
You hit the gnoll but do no damage.
The gnoll is almost dead.
The gnoll barely misses you. The gnoll closely misses you.
The gnoll barely misses you.
Cleave: a) +0 hand axe
Press: ? - help, Dir - move target, f/p - gnoll
Aim: a gnoll, wielding a +0 club (almost dead, haloed, about 18% to evade your +0 hand axe)
You hit the gnoll.
You kill the gnoll!
The gnoll hits you but does no damage.
The gnoll hits you from afar with a +0 halberd.
* * * LOW HITPOINT WARNING * * *
Your Armour skill increases to level 1!
Okay, then.
The gnoll barely misses you.
Items here: ))) ††.
Cleave: a) +0 hand axe
Press: ? - help, Dir - move target, f - gnoll
Aim: a gnoll, wielding a +0 halberd and wearing a +1 robe of cold resistance (haloed, about 18% to evade your +0 hand axe)
You hit the gnoll but do no damage. The gnoll closely misses you.
Cleave: a) +0 hand axe
Press: ? - help, Dir - move target, f/p - gnoll
Aim: a gnoll, wielding a +0 halberd and wearing a +1 robe of cold resistance (haloed, about 18% to evade your +0 hand axe)
You hit the gnoll but do no damage. The gnoll hits you with a +0 halberd.
* * * LOW HITPOINT WARNING * * *
Cleave: a) +0 hand axe
Press: ? - help, Dir - move target, f/p - gnoll
Aim: a gnoll, wielding a +0 halberd and wearing a +1 robe of cold resistance (haloed, about 18% to evade your +0 hand axe)
You hit the gnoll.
The gnoll is heavily wounded.
The gnoll hits you with a +0 halberd.
You die...

.# . #.#...#..# .#
..###.#g##...# .#
#.....#.....## .#
#........## ####.#
##....#### ..#..#
##.....#
...<#####......###
....##.....##..g.#
...........#..##@#
....##.##..>.# #.#
.............###.##
........†.........#
...###.......######
...####......#
....# #......#
....# #......#
....# #......#


You could see a gnoll.

Vanquished Creatures
  2 gnolls (D:2)
  2 ribbon worms (D:2)
  A dart slug (D:2)
  4 endoplasms (D:2)
  A giant cockroach (D:1)
  2 hobgoblins (D:1)
  2 kobolds
  A quokka (D:2)
  3 ball pythons (D:1)
  A bat (D:2)
  A frilled lizard (D:1)
  A rat (D:1)
21 creatures vanquished.

Notes
Turn   | Place    | Note
-------+----------+-------------------------------------------
     0 | D:1      | jagoly the Gargoyle Monk began the quest for the Orb.
     0 | D:1      | Reached XP level 1. HP: 14/14 MP: 1/1
    29 | D:1      | Reached XP level 2. HP: 10/19 MP: 2/2
   126 | D:2      | Reached skill level 1 in Stealth
   197 | D:2      | Reached XP level 3. HP: 16/23 MP: 3/3
   252 | D:2      | Reached skill level 1 in Armour
   254 | D:2      | HP: 1/24 [gnoll/+0 halberd (6)]
   255 | D:2      | Slain by a gnoll

Illustrated notes

Levels and vault maps discovered:
D:1:      tarquinn_simple_flora_water_d, layout_basic
D:2:      layout_rooms, basic_altar

Skill      XL: |  1  2  3 |
---------------+----------+-----
Axes           | 3 |  3.4
Stealth        | 1 |  1.5
Armour         | 1 |  1.0
Fighting       | |  3.7
Dodging        | |  2.4

Action                     || total
---------------------------++-------
  Melee: Hand axe          ||    72
  Throw: Stone             ||     1
 Armour: Robe              ||    13
         Ring mail         ||    32
  Dodge: Dodged            ||    50
